Unix NetHack Version 5.0.0-0 post-release - last build May  3 2026 23:40:34 (9823c992c0763bbd039eca2974112f46eaf799b3,branch:main).

Game began 2026-05-04 18:27:14, ended 2026-05-04 18:39:17.

Draagus, neutral female human Tourist

                                                                   --
                                     ---------         ---       - .-
                                      .......-----------.---   --...
                                 ---   -.................`.    ...
                                 |..----.......-..........---...
                                 |.....................|......
                                   -.......)..%.)*.....|....|
                                   |....<..................-
                                   --....---.--...........-|
                                    ---.-- -------.........|
                                      --         |.........--
                                        ----------...h..d...|
                                        |.............)d..d.|
                                        |  ------.....dddd---
                                            |..........|@--
                                            - -----.|.----
                                                  -----

Draagus the Sightseer       St:12 Dx:9 Co:16 In:13 Wi:12 Ch:15  Neutral
Dlvl:3  $:168 HP:0(35) Pw:23(23) AC:1  Xp:4 T:927  Deaf

Latest messages:
 It misses!
 It misses!
 You hit it.
 It misses!
 It bites!
 It bites!
 You hit it.
 It bites!
 It misses!
 It misses!
 You miss it.
 It bites!
 It bites!
 It misses!
 You can see again.
 You hit the werejackal.
 The jackal misses!
 The coyote bites!
 The werejackal bites!
 You miss the werejackal.
 The jackal bites!
 The coyote bites!
 The werejackal summons help!
 A jackal suddenly appears close by!
 A jackal suddenly appears close by!
 A jackal suddenly appears close by!
 The werejackal just misses!
 You hit the werejackal.
 The jackal bites!
 The coyote bites!
 The werejackal misses!
 You hit the werejackal.
 The jackal bites!
 The coyote misses!
 The werejackal misses!
 You miss the werejackal.
 The jackal misses!
 The coyote misses!
 The werejackal misses!
 The dwarf throws a dagger!
 The dagger hits the jackal.
 You miss the werejackal.
 The jackal bites!
 The coyote bites!
 You die...
 Do you want your possessions identified? [ynq] (y) y
 Do you want to see your attributes? [ynq] (y) y
 Do you want an account of creatures vanquished? [ynaq] (y) y
 Do you want to see your conduct and achievements? [ynq] (y) y
 Do you want to see the dungeon overview? [ynq] (y) y

Inventory:
 Coins    ('$')
  $ - 168 gold pieces
 Weapons  (')')
  a - 23 +2 darts (at the ready)
 Armor    ('[')
  h - a blessed +3 Hawaiian shirt with a jellyfish motif (being worn)
  p - an uncursed +0 banded mail (being worn)
 Comestibles  ('%')
  q - an uncursed cram ration
  b - 10 uncursed food rations
  n - an uncursed lembas wafer
  e - an uncursed pear
  c - 3 uncursed tripe rations
 Scrolls  ('?')
  u - an uncursed scroll of confuse monster
  g - 5 uncursed scrolls of magic mapping
 Potions  ('!')
  f - 2 uncursed potions of extra healing
 Wands    ('/')
  v - a wand of secret door detection (0:13)
 Tools    ('(')
  j - an uncursed credit card
  i - an expensive camera (0:98)
  s - an uncursed tallow candle
 Gems/Stones  ('*')
  k - a cursed worthless piece of red glass
  w - a cursed worthless piece of violet glass
  t - an uncursed worthless piece of yellow glass

Draagus the Tourist's attributes:

Background:
 You were a Sightseer, a level 4 female human Tourist.
 You were neutral, on a mission for The Lady
 who was opposed by Blind Io (lawful) and Offler (chaotic).
 You were right-handed.
 You were in the Gnomish Mines, on level 3.
 You entered the dungeon 927 turns ago.
 There was a full moon in effect when your adventure ended.
 You had 84 experience points, 76 more were needed to attain level 5.

Basics:
 You had 0 out of 35 hit points.
 You had all 23 energy points (spell power).
 Your armor class was 1.
 Your wallet contained 168 zorkmids.
 Autopickup was off.

Final Characteristics:
 Your strength was 12 (limit:18/100).
 Your dexterity was 9 (limit:18).
 Your constitution was 16 (limit:18).
 Your intelligence was 13 (limit:18).
 Your wisdom was 12 (limit:18).
 Your charisma was 15 (limit:18).

Final Status:
 You were deaf.
 You weren't hungry.
 You were unencumbered.
 You were bare handed.
 You were unskilled in bare handed combat and could have enhanced that.

Final Attributes:
 You were devoutly aligned.
 You were warded.
 You were lucky.
 You are dead.

Miscellaneous:
 You didn't encounter any bones levels.
 Total elapsed playing time was 12 minutes and 3 seconds.

Major events:
 Turn
    1: Draagus the neutral female human Tourist entered the dungeon
  844: entered the Gnomish Mines
  849: attained the rank of Sightseer (level 3)
  927: killed by a coyote

You didn't know any spells.

Skills:
 Fighting Skills
   bare handed combat [Unskilled]
   two weapon combat  [Unskilled]
   riding             [Unskilled]
 Weapon Skills
   dagger             [Unskilled]
   knife              [Unskilled]
   axe                [Unskilled]
   pick-axe           [Unskilled]
   short sword        [Unskilled]
   broadsword         [Unskilled]
   long sword         [Unskilled]
   two-handed sword   [Unskilled]
   saber              [Unskilled]
   mace               [Unskilled]
   morning star       [Unskilled]
   flail              [Unskilled]
   hammer             [Unskilled]
   quarterstaff       [Unskilled]
   polearms           [Unskilled]
   spear              [Unskilled]
   trident            [Unskilled]
   lance              [Unskilled]
   bow                [Unskilled]
   sling              [Unskilled]
   crossbow           [Unskilled]
   dart               [Basic]
   shuriken           [Unskilled]
   boomerang          [Unskilled]
   whip               [Unskilled]
   unicorn horn       [Unskilled]
 Spellcasting Skills
   divination spells  [Unskilled]
   enchantment spells [Unskilled]
   escape spells      [Unskilled]

Voluntary challenges:
 Character rerolling was not enabled.
 You never hit with a wielded weapon.
 You never genocided any monsters.
 You never polymorphed an object.
 You never changed form.
 You used no wishes.
Achievements:
 You entered the Gnomish Mines.
 You attained the rank of Sightseer.

 The Dungeons of Doom: levels 1 to 2
    Level 1:
    Level 2:
       Some fountains.
       Stairs down to The Gnomish Mines.
 The Gnomish Mines:
    Level 3: <- You were here.
       Final resting place for
          you, killed by a coyote.


Vanquished creatures:
  a bugbear
  2 giant rats
  7 gnomes
  a gecko
  a jackal
  2 kobolds
  a goblin
  2 sewer rats
  a grid bug
  a lichen
  6 newts
25 creatures vanquished.

No species were genocided or became extinct.

Game over:
                       ----------
                      /          \
                     /    REST    \
                    /      IN      \
                   /     PEACE      \
                  /                  \
                  |     Draagus      |
                  |      168 Au      |
                  |   killed by a    |
                  |      coyote      |
                  |                  |
                  |                  |
                  |       2026       |
                 *|     *  *  *      | *
        _________)/\\_//(\/(/\)/\//\/|_)_______

Aloha Draagus the Tourist...

You died in The Gnomish Mines on dungeon level 3 with 506 points,
and 168 pieces of gold, after 927 moves.
You were level 4 with a maximum of 35 hit points when you died.

